 Dungeon Crawl Stone Soup version 0.24.1 (webtiles) character file.

Game seed: 15569965750084926387, levelgen mode: deterministic

189 Descartes the Magician (level 5, 0/28 HPs)
             Began as a Deep Elf Air Elementalist on Mar 31, 2020.
             Killed by divine providence
             ... invoked by an orc priest
              (12 damage)
             ... on level 4 of the Dungeon.
             The game lasted 00:08:13 (3455 turns).

Descartes the Magician (Deep Elf Air Elementalist)  Turns: 3455, Time: 00:08:13

Health: 0/28       AC:  2    Str:  5    XL:     5   Next: 40%
Magic:  3/14       EV: 13    Int: 21    God:
Gold:   137        SH:  0    Dex: 15    Spells: 13/14 levels left

rFire    . . .     SeeInvis .   g - +2 short sword (drain)
rCold    . . .     Gourm    .   (no shield)
rNeg     . . .     Faith    .   a - +0 robe
rPois    .         Spirit   .   (no helmet)
rElec    .         Reflect  .   (no cloak)
rCorr    .         Harm     .   (no gloves)
MR       .....     Rnd*Tele +   (no boots)
Stlth    ++........             m - amulet of regeneration
HPRegen  0.49/turn              s - ring of teleportation (curse)
MPRegen  0.14/turn              (no ring)

@: no status effects
A: no striking features
a: no special abilities


You were on level 4 of the Dungeon.
You were hungry.

You visited 1 branch of the dungeon, and saw 4 of its levels.

You collected 137 gold pieces.

Inventory:

Hand Weapons
 g - a +2 short sword of draining (weapon)
 j - a +1 dagger of flaming
Missiles
 b - 64 arrows
 h - 50 stones (quivered)
 p - 30 poisoned darts
 r - 7 javelins
Armour
 a - a +0 robe (worn)
Jewellery
 m - an amulet of regeneration (around neck)
 s - a cursed ring of teleportation (left hand)
Wands
 v - a wand of flame (12)
Scrolls
 f - 3 scrolls of identify
 i - a scroll of fear
 l - a scroll of amnesia
 n - 2 scrolls of immolation
 w - a scroll of blinking {unknown}
Potions
 e - a potion of agility
 k - a potion of brilliance
 o - 2 potions of heal wounds
 q - a potion of mutation {unknown}
 t - 2 potions of cancellation {unknown}
 u - 2 potions of curing {unknown}
Comestibles
 c - 10 rations


   Skills:
 + Level 0.1 Fighting
 + Level 0.3 Short Blades
 + Level 2.9 Dodging
 + Level 2.7 Stealth
 + Level 5.0 Spellcasting
 + Level 2.5 Conjurations
 + Level 4.3 Air Magic


You had 13 spell levels left.
You knew the following spells:

 Your Spells              Type           Power        Failure   Level  Hunger
a - Shock                 Conj/Air       ###.         2%          1    None

Your spell library contained the following spells:

 Spells                   Type           Power        Failure   Level  Hunger
 Swiftness                Chrm/Air       ##......     7%          2    None
 Static Discharge         Conj/Air       ###.....     8%          3    ##.....
 Airstrike                Air            ###.......   19%         4    ####...
 Lightning Bolt           Conj/Air       ###.......   58%         5    #####..


Dungeon Overview and Level Annotations

Branches:
Dungeon (4/15)
 Temple: D:4-7

Altars:
Ashenzari
The Shining One


Message History

The zap hits the orc priest.
The orc priest is lightly wounded.
The zap misses the orc.
The orc priest hits you with a +0 flail.
An orc comes into view. It is wielding a +0 dagger.
Casting: Shock (safe; 2% risk of failure)
Confirm with . or Enter, or press ? or * to list all spells.
Aiming: Shock (safe; 2% risk of failure)
Press: ? - help, Shift-Dir - straight line, f/p - orc priest
Aim: an orc priest, wielding a +0 flail (lightly wounded)
The zap hits the orc priest!
The orc priest is heavily wounded.
The zap hits the orc but does no damage.
The orc is heavily wounded.
The zap hits the orc.
The orc is moderately wounded.
The leopard gecko bites you.
The orc priest invokes the aid of Beogh against you.
Beogh smites you!
You die...

...##........
.....$. ... .
....[.... .#
#....... ...
#....#. ....
#....!#...$#
#....l..#...
#@o..o..o
##.......
.......
.......
.......
#####.. #


You could see an orc priest, 2 orcs and a leopard gecko.

Vanquished Creatures
  Terence (D:2)
  5 adders
  An adder skeleton (D:3)
  A worm (D:4)
  4 dart slugs
  5 leopard geckos
  8 orcs (D:3)
  7 giant cockroaches
  10 goblins
  9 hobgoblins
  10 jackals
  15 bats
  3 frilled lizards
  6 kobolds
  3 rats
88 creatures vanquished.

Notes
Turn   | Place    | Note
-------+----------+-------------------------------------------
     0 | D:1      | Descartes the Deep Elf Air Elementalist began the quest for
                  | the Orb.
     0 | D:1      | Reached XP level 1. HP: 10/10 MP: 6/6
   144 | D:1      | Reached XP level 2. HP: 15/15 MP: 5/8
   949 | D:1      | Reached XP level 3. HP: 19/19 MP: 2/9
  1443 | D:2      | Noticed Terence
  1454 | D:2      | Killed Terence
  1611 | D:2      | Reached XP level 4. HP: 24/24 MP: 8/11
  1678 | D:2      | Reached skill level 4 in Spellcasting
  2047 | D:2      | Found a glowing golden altar of the Shining One.
  2380 | D:3      | Found a shattered altar of Ashenzari.
  2497 | D:3      | Reached XP level 5. HP: 28/28 MP: 10/13
  3195 | D:3      | Reached skill level 5 in Spellcasting
  3455 | D:4      | Killed from afar by an orc priest

Levels and vault maps discovered:
D:1:      dpeg_arrival_erosion, layout_rooms, minivault_19
D:2:      minmay_skewed_foursquare, layout_loops_cross, tso_oasis_becter,
          uniq_jessica, uniq_terence
D:3:      layout_loops_ring, nicolae_overflow_hidden_temple,
          minmay_misc_feat_room, minmay_cupped
D:4:      layout_rooms, old_standard_altar

Skill      XL: |  1  2  3  4  5 |
---------------+----------------+-----
Spellcasting   | 4 5 |  5.0
Air Magic      | 4 |  4.3
Conjurations   | 2 |  2.5
Fighting       | |  0.1
Short Blades   | |  0.3
Dodging        | |  2.9
Stealth        | |  2.7

Action                   |  1- 3 |  4- 6 || total
-------------------------+-------+-------++-------
Melee: Dagger            |    13 |       ||    13
       Short sword       |     8 |     2 ||    10
 Cast: Shock             |    58 |   114 ||   172
  Use: Scroll            |       |     6 ||     6
  Eat: Chunk             |     2 |     5 ||     7
Armor: Robe              |     1 |     5 ||     6
Dodge: Dodged            |    16 |     8 ||    24
